 Dungeon Crawl Stone Soup version 0.22-a0-362-g535178c (webtiles) character file.

14 Amnesiac the Grave Robber (level 2, -1/20 HPs)
             Began as a Mummy Necromancer on Apr 20, 2018.
             Slain by a kobold
             ... wielding a +0 whip
              (6 damage)
             ... on level 1 of the Dungeon.
             The game lasted 00:01:01 (731 turns).

Amnesiac the Grave Robber (Mummy Necromancer)        Turns: 731, Time: 00:01:02

Health: -1/20      AC:  2    Str: 11    XL:     2   Next: 27%
Magic:  4/5        EV: 12    Int: 14    God:
Gold:   11         SH:  0    Dex: 12    Spells: 5/6 levels left

rFire    x . .     SeeInvis .   f - +0 short sword (drain)
rCold    + . .     Gourm    .   (no shield)
rNeg     + + +     Faith    .   a - +0 robe
rPois    ∞         Spirit   .   (no helmet)
rElec    .         Reflect  .   (no cloak)
rCorr    .         Harm     .   (no gloves)
MR       .....                  (no boots)
Stlth    ++........             (no amulet)
HPRegen  0.06/turn              (no ring)
MPRegen  0.09/turn              (no ring)

@: no status effects
A: no food or potions, fire vulnerability, cold resistance 1, negative energy
resistance 3, torment resistance, unbreathing
a: no special abilities


You were on level 1 of the Dungeon.
You were not hungry.

You visited 1 branch of the dungeon, and saw 2 of its levels.

You collected 11 gold pieces.

Inventory:

Hand Weapons
 f - a +0 short sword of draining (weapon)
Missiles
 b - 34 stones (quivered)
Armour
 a - a +0 robe (worn)
Jewellery
 d - an uncursed ring of magical power {unknown}
Scrolls
 c - a scroll of fog {!r, unknown}
 e - a scroll of identify {!r, unknown}


   Skills:
 + Level 0.6 Fighting
 * Level 2.0 Dodging
 - Level 1.5 Stealth
 + Level 2.9 Spellcasting
 + Level 4.1 Necromancy


You had 5 spell levels left.
You knew the following spells:

 Your Spells              Type           Power        Failure   Level  Hunger
a - Pain                  Necr           ##..         4%          1    N/A

Dungeon Overview and Level Annotations

Branches:
Dungeon (2/15)

Altars:


Innate Abilities, Weirdness & Mutations

You do not eat or drink.
Your flesh is vulnerable to fire.
You are immune to poison.
Your flesh is cold resistant. (rC+)
You are immune to negative energy. (rN+++)
You are immune to unholy pain and torment.
You can survive without breathing.


Message History

You puncture the frilled lizard!
You kill the frilled lizard!
The hobgoblin misses you.
You hit the hobgoblin.
The hobgoblin is heavily wounded.
The hobgoblin hits you.
You hit the hobgoblin but do no damage.
The hobgoblin is heavily wounded.
The hobgoblin hits you but does no damage.
You closely miss the hobgoblin.
The hobgoblin is heavily wounded.
The hobgoblin misses you. The hobgoblin barely misses you.
You hit the hobgoblin.
You kill the hobgoblin!
Your Dodging skill increases to level 2!
No target in view!
No target in view!
You start resting.
A quokka comes into view.
A kobold comes into view. It is wielding a whip.
The kobold shouts!
You hear a shout!
The quokka barely misses you.
You hit the quokka but do no damage. You drain the quokka!
The quokka is severely wounded.
The quokka bites you.
A giant cockroach and a kobold come into view.
You completely miss the quokka.
The quokka is severely wounded.
The giant cockroach moves out of view.
The quokka barely misses you. The quokka closely misses you.
You barely miss the quokka.
The quokka is severely wounded.
The quokka bites you. The quokka barely misses you.
You closely miss the quokka.
The quokka is heavily wounded.
The quokka barely misses you.
You barely miss the quokka.
The quokka is heavily wounded.
The quokka barely misses you.
You closely miss the quokka.
The quokka is heavily wounded.
The quokka barely misses you. The kobold completely misses you.
The quokka bites you.
* * * LOW HITPOINT WARNING * * *
The kobold hits you with a whip!
* * * LOW HITPOINT WARNING * * *
There is a stone staircase leading up here.
Unknown command.
Unknown command.
The quokka twitches its whiskers.
The kobold closely misses you.
You climb upwards.
There is a stone staircase leading down here.
You see here a frilled lizard corpse.
You see here a rat skeleton.
Casting: Pain (safe; 4% risk of failure)
Confirm with . or Enter, or press ? or * to list all spells.
Aiming: Pain (safe; 4% risk of failure)
Press: ? - help, Shift-Dir - straight line, f - kobold
Aim: a kobold, wielding a whip (chance to defeat MR: 83%)
The kobold writhes in agony!
The kobold barely misses you. The kobold hits you with a whip.
You die...

#.# #......... .. #.#
#.......# #.# #.# #.......#
##.####.# #..†....# #.......#
#.......# #..###..####'####.#
#. #...#........####.##
####.## #.......#......##.#.
#.....# #..@#.#.#......##.#.
#.....# #..K#.#.#......##.#.
.....# #...#..........##.#.
...# #...####..........#.
...#+##.###.................#.
.............#####..........#.
###.##.####.# #...##.....#.
#..# #.# #..÷##.#...#.
######'###.# #...##.###.#.


You could see a kobold.

Vanquished Creatures
  A dart slug (D:1)
  A giant cockroach (D:1)
  A goblin (D:1)
  2 hobgoblins
  2 frilled lizards
  2 kobolds (D:1)
  3 rats (D:1)
12 creatures vanquished.

Notes
Turn   | Place    | Note
-------+----------+-------------------------------------------
     0 | D:1      | Amnesiac the Mummy Necromancer began the quest for the Orb.
     0 | D:1      | Reached XP level 1. HP: 13/13 MP: 4/4
   466 | D:1      | Reached XP level 2. HP: 20/20 MP: 3/5
   731 | D:1      | Slain by a kobold

Vault maps used:
D:1:      dpeg_arrival_boxes_within_box, minmay_misc_feat_plants,
          minmay_split_cup_small
D:2:      marbit_many_paths

Skill      XL: |  1  2 |
---------------+-------+-----
Dodging        | 2 |  2.0
Fighting       | |  0.6
Stealth        | |  1.5
Spellcasting   | |  2.9
Necromancy     | |  4.1

Action                   || total
-------------------------++-------
Melee: Unarmed           ||     5
       Short sword       ||    17
 Cast: Pain              ||    25
 Stab: Sleeping          ||     1
Armor: Robe              ||     2
Dodge: Dodged            ||    18

Table legend:
 A = Spawn XP
 B = Non-spawn XP
 C = Spawn XP percentage of total XP
 D = Spawn monster count
 E = Non-spawn monster count
 F = Spawn count percentage of total count
 G = Total turns spent on level
                    A         B        C        D         E        F      G
               +---------+---------+-------+---------+---------+-------+---------
         Total |       0 |      20 |   0.0 |       0 |      12 |   0.0 |   731
               +---------+---------+-------+---------+---------+-------+---------
           D:1 |       0 |      17 |   0.0 |       0 |      10 |   0.0 |   696
           D:2 |       0 |       3 |   0.0 |       0 |       2 |   0.0 |    35
               +---------+---------+-------+---------+---------+-------+---------
